 Dungeon Sprint DCSS version 0.27-a0-1119-gbf574a6a6b (webtiles) character file.

Game seed: 13815550396485224596

8766 mhtbhm the Scorcher (level 11, -22/54 HPs)
             Began as a Deep Elf Fire Elementalist on May 2, 2021.
             Was the Champion of Vehumet.
             Blown up by Igrex the pandemonium lord (40 damage)
             ... with a mindburst bolt
             ... in the Dungeon (Sprint V: "Ziggurat Sprint").
             The game lasted 00:04:20 (826 turns).

mhtbhm the Scorcher (Deep Elf Fire Elementalist)     Turns: 826, Time: 00:04:20

Health: -22/54     AC:  7    Str:  5    XL:     11   Next: 14%
Magic:  8/32       EV: 17    Int: 36    God:    Vehumet [******]
Gold:   0          SH:  0    Dex: 15    Spells: 16/40 levels left

rFire    + . .     SeeInvis .   C - +8 lance "Wyrmbane" {slay drac, rPois rF+ rC+ AC+3}
rCold    + . .     Faith    .   (no shield)
rNeg     + . .     Spirit   .   a - +2 robe {rN+}
rPois    +         Reflect  .   (no helmet)
rElec    .         Harm     .   (no cloak)
rCorr    .         Rampage  .   (no gloves)
Will     +....     NoTele   +   (no boots)
Stlth    +++.......             A - amulet of magic regeneration
HPRegen  0.18/turn              u - +6 ring of intelligence
MPRegen  0.48/turn              v - +6 ring of intelligence

@: no status effects
A: no striking features
a: Renounce Religion


You were in the Dungeon.
You worshipped Vehumet.
Vehumet was exalted by your worship.
You visited 1 branch

Inventory:

Hand Weapons
 C - the +8 lance "Wyrmbane" (weapon) {slay drac, rPois rF+ rC+ AC+3}
   (You found it in the Dungeon)

   It affects your AC (+3).
   It protects you from fire.
   It protects you from cold.
   It protects you from poison.
Armour
 a - a +2 robe of positive energy (worn)
Jewellery
 u - a +6 ring of intelligence (left hand)
 v - a +6 ring of intelligence (right hand)
 z - the amulet of Vororuma {Acrobat Str+2}
   (You found it in the Dungeon)

   [amulet of the acrobat]

   It increases your evasion while moving and waiting.
   It affects your strength (+2).
 A - an amulet of magic regeneration (around neck)
Wands
 y - a wand of mindburst (7)
Scrolls
 h - 3 scrolls of blinking
 m - 4 scrolls of amnesia
 n - 7 scrolls of fog
 o - a scroll of holy word
 p - 5 scrolls of identify
 q - a scroll of fear
 s - 2 scrolls of brand weapon
 x - a scroll of acquirement
Potions
 b - 2 potions of brilliance
 c - 10 potions of curing
 d - 14 potions of heal wounds
 e - 6 potions of haste
 f - 7 potions of magic
 g - 3 potions of berserk rage
 i - 2 potions of invisibility
 j - 4 potions of resistance
 k - a potion of experience
 l - 6 potions of might
Miscellaneous
 r - a phantom mirror
 t - a condenser vane
 w - a tin of tremorstones (2/2)
 B - a lightning rod (4/4)


   Skills:
 + Level 10.6 Dodging
 - Level 5.4 Stealth
 + Level 15.4 Spellcasting
 + Level 8.2 Conjurations
 + Level 19.3 Fire Magic
 + Level 11.2 Evocations


You had 16 spell levels left.
You knew the following spells:

 Your Spells              Type           Power      Damage    Failure   Level
a - Foxfire               Conj/Fire      100%       2x1d9     0%          1
b - Conjure Flame         Conj/Fire      91%        6-21      0%          3
c - Inner Flame           Hex/Fire       78%        N/A       1%          3
d - Sticky Flame          Conj/Fire      91%        2d10      1%          4
e - Fireball              Conj/Fire      45%        3d18      1%          5
f - Ignition              Fire           52%        3d15      1%          8

Your spell library contained the following spells:

 Spells                   Type           Power      Damage    Failure   Level
 Mephitic Cloud           Conj/Pois/Air  47%        N/A       1%          3
 Apportation              Tloc           54%        N/A       1%          1
 Beastly Appendage        Tmut           54%        N/A       1%          1
 Sting                    Tmut/Pois      100%       1d8       1%          1
 Summon Small Mammal      Summ           100%       N/A       1%          1
 Call Imp                 Summ           27%        N/A       1%          2
 Static Discharge         Conj/Air       55%        N/A       1%          2
 Wereblood                Tmut           27%        N/A       1%          2
 Lightning Bolt           Conj/Air       27%        1d44      1%          5
 Call Canine Familiar     Summ           27%        N/A       4%          3
 Portal Projectile        Hex/Tloc       54%        N/A       4%          3
 Spider Form              Tmut/Pois      13%        N/A       4%          3
 Summon Guardian Golem    Hex/Summ       27%        N/A       4%          3
 Teleport Other           Tloc           27%        N/A       4%          3
 Ice Form                 Ice/Tmut       27%        N/A       13%         4
 Passage of Golubria      Tloc           N/A        N/A       13%         4
 Summon Ice Beast         Ice/Summ       27%        N/A       13%         4
 Summon Lightning Spire   Summ/Air       27%        N/A       13%         4
 Hydra Form               Tmut           13%        N/A       36%         5
 Disjunction              Tloc           13%        N/A       100%        8
 Shatter                  Erth           13%        3d14*     100%        9
 Tornado                  Air            13%        N/A       100%        9


Dungeon Overview and Level Annotations

Branches:
Dungeon (1/1)

Altars:
Ashenzari
Cheibriados
Dithmenos
Elyvilon
Fedhas
Gozag
Hepliaklqana
Kikubaaqudgha
Makhleb
Nemelex Xobeh
Okawaru
Qazlal
Ru
Sif Muna
Trog
Uskayaw
Vehumet
Wu Jian
Xom
Yredelemnul
Zin
The Shining One
Beogh
Jiyva
Lugonu

Annotations:
D 1 transporter


Message History

The fireball engulfs Soecid!
Soecid resists.
Soecid is moderately wounded.
The fireball engulfs Nutozob.
Nutozob resists.
Nutozob is lightly wounded.
The fireball engulfs Nutozob.
Nutozob completely resists.
Nutozob is lightly wounded.
The fireball engulfs Igrex!
Igrex is almost dead.
The fireball engulfs Igrex but does no damage.
Igrex is almost dead.
The fireball engulfs Soecid!
Soecid resists.
Soecid is heavily wounded.
The fireball engulfs the iron imp.
The iron imp completely resists.
The fireball engulfs the iron imp.
The iron imp completely resists.
The fireball engulfs the redback!
You kill the redback!
The redback's corpse disappears in a puff of smoke!
Nutozob sneers, "Embrace thy dedition, thou tasty snacklet!"
Unknown command.
Unknown command.
Casting: Ignition (quite dangerous; 1% risk of failure)
Confirm with . or Enter, or press ? or * to list all spells.
The spell is quite dangerous to cast (1% risk of failure)!
Continue anyway?
Casting: Ignition (quite dangerous; 1% risk of failure)
Press: ? - help, Dir - look around, f - activate The air bursts into flame!
The fireball engulfs the iron imp.
The iron imp completely resists.
The fireball engulfs Igrex but does no damage.
Igrex is almost dead.
The fireball engulfs Soecid!
Soecid resists.
Soecid is heavily wounded.
The fireball engulfs Nutozob.
Nutozob resists.
Nutozob is lightly wounded.
The fireball engulfs Igrex!!
Igrex is almost dead.
The fireball engulfs the iron imp.
The iron imp completely resists.
Igrex gestures at you.
Your mind is blasted!
Ouch! That really hurt!
You die...

▓....†....▓.......▓
▓...†.....▓.......▓
▓.........▓.......▓
▓.........▓.......▓
▓.▓.....▓.▓.▓.†.▓.▓
▓....©....▓...©...▓
▓▓▓▓▓▓▓▓▓▓▓▓▓▓▓▓▓▓▓
..8©8...▓..8©8..▓
▓..}:=)).@▓....|..▓
▓...)?)&..▓.......▓
▓.....§...▓..))...▓
▓.........▓..))...▓
▓....&..&.▓.......▓
▓...§.5...▓...)...▓
▓.▓.....▓.▓.▓.".▓.▓
▓....©....▓...©...▓
▓▓▓▓▓▓▓▓▓▓▓▓▓▓▓▓▓▓▓


You could see Igrex, Nutozob, Soecid and an iron imp.

Vanquished Creatures
  A vault warden (D)
  4 vault guards (D)
  A hell hog (D)
  A sixfirhy (D)
  3 ugly things (D)
  A komodo dragon (shapeshifter) (D)
  An ice devil (D)
  2 meliai (shapeshifter) (D)
  A ynoxinul (D)
  A human (shapeshifter) (D)
  A hog (shapeshifter) (D)
  2 neqoxecs (D)
  2 fire elementals (D)
  3 hell hounds (D)
  A boggart (shapeshifter) (D)
  A wolf (D)
  A bullfrog (D)
  A crimson imp (D)
  An iguana (D)
  4 adders (D)
  A white imp (D)
  A ball python (D)
  2 jackals (D)
  A ball python skeleton (D)
  2 fire vortices (D)
40 creatures vanquished.

Notes
Turn   | Place    | Note
-------+----------+-------------------------------------------
     0 | D        | mhtbhm the Deep Elf Fire Elementalist began the quest for
                  | the Orb.
     0 | D        | Reached XP level 1. HP: 10/10 MP: 6/6
     0 | D        | Found a shimmering blue altar of Sif Muna.
     0 | D        | Found a bloodstained altar of Trog.
     0 | D        | Found a sacrificial altar of Ru.
     0 | D        | Found a stormy altar of Qazlal.
     0 | D        | Found an iron altar of Okawaru.
     1 | D        | Found a sparkling altar of Nemelex Xobeh.
     1 | D        | Found a blossoming altar of Fedhas.
     2 | D        | Found the +6 Majin-Bo {vamp, MP+6 Int+6}
     2 | D        | Found the +9 heavy crossbow "Sniper" {vorpal, Acc+∞ SInv}
     2 | D        | Found the +10 dark maul {vorpal}
     2 | D        | Found the +15 Maxwell's patent armour {-Cast -Tele rElec
                  | Will+ rCorr}
     2 | D        | Found the +18 shield of the Gong {rElec rN+ Will+ EV-5}
     2 | D        | Found the +14 obsidian axe {vorpal, Drain Fly SInv}
     2 | D        | Found the +7 great mace "Firestarter" {inner flame, rF++}
     2 | D        | Found the +6 shillelagh "Devastator" {shatter}
     2 | D        | Found the +11 plutonium sword {Contam Stlth-}
     2 | D        | Found the +8 lance "Wyrmbane" {slay drac, rPois rF+ rC+
                  | AC+3}
     2 | D        | Found the +9 sword of Zonguldrok {reap}
     2 | D        | Found the +13 scythe of Curses {drain, Drain}
     2 | D        | Found the +5 sword of Power {vorpal}
     2 | D        | Found the +7 mace of Variability {chain chaos}
     2 | D        | Found the +7 Singing Sword {vorpal, sonic wave}
     2 | D        | Found the +8 storm bow {elec, penet}
     3 | D        | Found a transporter.
     3 | D        | Found an ancient bone altar of Kikubaaqudgha.
     3 | D        | Found a viscous altar of Jiyva.
     3 | D        | Found a corrupted altar of Lugonu.
     3 | D        | Found a hazy altar of Hepliaklqana.
     3 | D        | Found a burning altar of Makhleb.
     3 | D        | Found an opulent altar of Gozag.
    29 | D        | Banished a spatial maelstrom
    35 | D        | Became a worshipper of Vehumet
    55 | D        | Entered arena 2.
    55 | D        | Found a transporter.
    57 | D        | Reached skill level 4 in Fire Magic
    57 | D        | Reached XP level 2. HP: 15/15 MP: 6/8
    69 | D        | Entered arena 3.
    69 | D        | Found a transporter.
    70 | D        | Reached * piety under Vehumet
    70 | D        | Offered knowledge of Shock by Vehumet.
    71 | D        | Reached skill level 6 in Fire Magic
    71 | D        | Reached XP level 3. HP: 19/19 MP: 8/11
    75 | D        | Learned a level 3 spell: Conjure Flame
    79 | D        | Learned a level 3 spell: Inner Flame
    93 | D        | Entered arena 4.
    93 | D        | Noticed a hell hound
    93 | D        | Noticed a hell hound
    93 | D        | Found a transporter.
    94 | D        | Reached ** piety under Vehumet
    95 | D        | Reached skill level 5 in Spellcasting
    95 | D        | Reached skill level 7 in Fire Magic
    95 | D        | Reached XP level 4. HP: 24/24 MP: 11/13
    95 | D        | Killed a hell hound
    96 | D        | Reached skill level 5 in Dodging
    96 | D        | Reached skill level 9 in Fire Magic
    96 | D        | Reached skill level 1 in Evocations
    96 | D        | Reached XP level 5. HP: 20/28 MP: 13/16
    96 | D        | Killed a hell hound
    97 | D        | Reached skill level 5 in Stealth
    97 | D        | Reached skill level 10 in Fire Magic
    97 | D        | Reached XP level 6. HP: 23/32 MP: 15/18
   102 | D        | Learned a level 4 spell: Sticky Flame
   108 | D        | Learned a level 5 spell: Fireball
   185 | D        | Entered arena 5.
   185 | D        | Noticed a green ugly thing
   185 | D        | Noticed a green ugly thing
   185 | D        | Noticed a hog
   185 | D        | Found a transporter.
   187 | D        | Reached *** piety under Vehumet
   187 | D        | Killed a hog
   188 | D        | Reached skill level 12 in Fire Magic
   192 | D        | Killed a green ugly thing
   193 | D        | Reached skill level 10 in Spellcasting
   193 | D        | Reached skill level 13 in Fire Magic
   193 | D        | Reached XP level 7. HP: 25/36 MP: 9/22
   198 | D        | Killed a green ugly thing
   199 | D        | Reached skill level 14 in Fire Magic
   199 | D        | Reached XP level 8. HP: 30/41 MP: 5/25
   304 | D        | Entered arena 6.
   304 | D        | Found a transporter.
   305 | D        | Offered knowledge of Poisonous Vapours by Vehumet.
   305 | D        | Reached **** piety under Vehumet
   316 | D        | Got Hakhloymn's Volume of Quantum Envenoming
   364 | D        | Entered arena 7.
   364 | D        | Noticed a hell hog
   369 | D        | Reached skill level 15 in Fire Magic
   369 | D        | Reached ***** piety under Vehumet
   371 | D        | Killed a hell hog
   372 | D        | Reached skill level 16 in Fire Magic
   372 | D        | Reached skill level 5 in Evocations
   372 | D        | Reached XP level 9. HP: 33/45 MP: 25/27
   547 | D        | Found a transporter.
   558 | D        | Entered arena 8.
   558 | D        | Noticed a vault guard
   558 | D        | Noticed a vault guard
   558 | D        | Noticed a vault warden
   558 | D        | Noticed a vault guard
   558 | D        | Noticed a vault guard
   562 | D        | Killed a vault guard
   562 | D        | Offered knowledge of Searing Ray by Vehumet.
   562 | D        | Killed a vault guard
   563 | D        | Reached skill level 5 in Conjurations
   563 | D        | Reached skill level 17 in Fire Magic
   563 | D        | Killed a vault warden
   563 | D        | Killed a vault guard
   564 | D        | Reached skill level 10 in Dodging
   564 | D        | Reached skill level 18 in Fire Magic
   564 | D        | Reached XP level 10. HP: 50/50 MP: 20/30
   565 | D        | Killed a vault guard
   565 | D        | Reached ****** piety under Vehumet
   566 | D        | Reached skill level 10 in Evocations
   566 | D        | Found a transporter.
   643 | D        | Got the amulet of Vororuma {Acrobat Str+2}
   666 | D        | Entered arena 9.
   666 | D        | Noticed a brown ugly thing
   670 | D        | Reached skill level 15 in Spellcasting
   670 | D        | Killed a brown ugly thing
   671 | D        | Reached skill level 19 in Fire Magic
   671 | D        | Reached XP level 11. HP: 54/54 MP: 32/32
   671 | D        | Found a transporter.
   820 | D        | Learned a level 8 spell: Ignition
   821 | D        | Entered arena 10.
   821 | D        | Noticed Igrex the pandemonium lord
   821 | D        | Noticed a sixfirhy
   821 | D        | Noticed Soecid the pandemonium lord
   821 | D        | Noticed Nutozob the pandemonium lord
   822 | D        | Found the +4 dagger "Morg" {pain, Will+ Int+5}
   822 | D        | Offered knowledge of Mephitic Cloud by Vehumet.
   822 | D        | Killed a sixfirhy
   824 | D        | Found a transporter.
   826 | D        | Blown up by Igrex the pandemonium lord

Illustrated notes

Levels and vault maps discovered:
D:        sprint_v [room_start, room_1, room_2, room_3, room_4, room_5, room_6,
          room_7, room_8, room_9, room_10, room_11, room_12, room_13, room_14,
          room_15, room_16, room_17, room_18, room_19, room_20, room_21,
          room_22, room_23, room_24, room_25, room_26, room_27]

Skill      XL: |  1  2  3  4  5  6  7  8  9 10 11 |
---------------+----------------------------------+-----
Dodging        | 3 4 5 7 8 9 10 | 10.6
Fire Magic     | 4 6 7 9 10 13 14 16 18 19 | 19.3
Stealth        | 3 4 5 |  5.4
Spellcasting   | 4 5 7 10 11 12 14 15 | 15.4
Evocations     | 1 2 3 4 5 9 10 11 | 11.2
Conjurations   | 2 3 4 6 7 8 |  8.2

Action                   |  1- 3 |  4- 6 |  7- 9 | 10-12 || total
-------------------------+-------+-------+-------+-------++-------
 Cast: Fireball          |       |     3 |     8 |     6 ||    17
       Sticky Flame      |       |     1 |       |       ||     1
       Ignition          |       |       |       |     4 ||     4
Evoke: Wand              |     3 |     3 |     8 |       ||    14
       Lightning rod     |       |     1 |     7 |       ||     8
       Condenser vane    |       |       |     2 |       ||     2
  Use: Scroll            |       |     1 |       |     1 ||     2
Armor: Robe              |       |     2 |     2 |       ||     4
Dodge: Dodged            |       |       |     3 |     1 ||     4

Table legend: (Time is in decaauts)
 A = Elapsed time spent in this place.
 B = Non-inter-level travel time spent in this place.
 C = Inter-level travel time spent in this place.
 D = Time resting spent in this place.
 E = Time spent auto-exploring this place.
 F = Levels seen in this place.
 G = Mean time per level.
                   A        B        C        D        E       F      G
               +--------+--------+--------+--------+--------+-----+--------+
         Total |    824 |    824 |      0 |    546 |      0 |   1 |  824.0 |
       Dungeon |    824 |    824 |      0 |    546 |      0 |   1 |  824.0 |
               +--------+--------+--------+--------+--------+-----+--------+

Top non-repeatable levels by time:
       D: 824 daAuts
